 Dungeon Crawl Stone Soup version 0.27.1-15-g792fb953b9 (webtiles) character file.

Game seed: 13716690202226395089

172 Araneus the Sneak (level 5, 0/28 HPs)
             Began as a Vampire Enchanter on Nov 20, 2021.
             Slain by a hound skeleton (1 damage)
             ... on level 4 of the Dungeon.
             The game lasted 00:09:43 (3096 turns).

Araneus the Sneak (Vampire Enchanter)               Turns: 3096, Time: 00:09:44

Health: 0/28       AC:  3    Str:  7    XL:     5   Next: 27%
Magic:  8/8        EV: 12    Int: 18    God:
Gold:   129        SH:  0    Dex: 15    Spells: 5/8 levels left

rFire    . . .     SeeInvis +   l - +1 dagger (venom)
rCold    + + .     Faith    .   (no shield)
rNeg     + + +     Spirit   .   b - +0 robe
rPois    ∞         Reflect  .   (no helmet)
rElec    .         Harm     .   (no cloak)
rCorr    .         Rampage  .   j - +0 pair of gloves
Will     .....                  (no boots)
Stlth    +++++.....             (no amulet)
HPRegen  0.00/turn              (no ring)
MPRegen  0.11/turn              (no ring)

@: bloodless, inhibited regen
A: bloodless, fangs 3, see invisible, vampiric 2
a: Bat Form, Revivify


You were on level 4 of the Dungeon.
You visited 1 branch of the dungeon, and saw 4 of its levels.

You collected 129 gold pieces.

Inventory:

Hand Weapons
 l - a +1 dagger of venom (weapon)
Armour
 b - a +0 robe (worn)
 j - a +0 pair of gloves (worn)
Scrolls
 c - 6 scrolls of identify {unknown}
 e - 3 scrolls of teleportation {unknown}
 f - a scroll of enchant weapon {unknown}
 h - a scroll of fog {unknown}
Potions
 d - 3 potions of curing {unknown}
 g - a potion of attraction {unknown}
 i - 2 potions of degeneration {unknown}
 k - a potion of lignification {unknown}


   Skills:
 * Level 3.8 Short Blades
 * Level 2.6 Dodging
 - Level 7.0 Stealth
 - Level 2.0 Spellcasting
 - Level 4.4 Hexes
 * Level 0.9 Ice Magic


You had 5 spell levels left.
You knew the following spells:

 Your Spells              Type           Power      Damage    Failure   Level
a - Corona                Hex            18%        N/A       3%          1
b - Ensorcelled Hibernat  Hex/Ice        22%        N/A       9%          2

Your spell library contained the following spells:

 Spells                   Type           Power      Damage    Failure   Level
 Confusing Touch          Hex            17%        N/A       9%          3
 Tukima's Dance           Hex            17%        N/A       9%          3
 Animate Skeleton         Necr           2%         N/A       19%         1
 Pain                     Necr           4%         1d4       19%         1
 Dazzling Flash           Conj/Hex       18%        N/A       22%         3
 Vampiric Draining        Necr           0%         2d6       47%         3


Dungeon Overview and Level Annotations

Branches:
Dungeon (4/15)
 Temple: D:4-7

Altars:
Xom


Innate Abilities, Weirdness & Mutations

You do not regenerate when monsters are visible.
You are frail without blood (-20% HP).
You can heal yourself when you bite living creatures.
You are immune to poison.
You have razor-sharp teeth.
You have supernaturally acute eyesight. (SInv)
You are afflicted with vampirism and can become a bat while bloodless.


Message History

You are too injured to fight recklessly!
You hit the hound skeleton but do no damage.
The hound skeleton bites you but does no damage.
You hit the hound skeleton.
The hound skeleton is lightly damaged.
The hound skeleton bites you.
* * * LOW HITPOINT WARNING * * *
You hit the hound skeleton.
The hound skeleton is moderately damaged.
The hound skeleton bites you.
* * * LOW HITPOINT WARNING * * *
You barely miss the hound skeleton.
The hound skeleton is moderately damaged.
The hound skeleton closely misses you.
You hit the hound skeleton but do no damage.
The hound skeleton is moderately damaged.
The hound skeleton closely misses you.
You hit the hound skeleton but do no damage.
The hound skeleton is moderately damaged.
The hound skeleton bites you but does no damage.
You barely miss the hound skeleton.
The hound skeleton is moderately damaged.
The hound skeleton bites you but does no damage.
You hit the hound skeleton.
The hound skeleton is heavily damaged.
The hound skeleton barely misses you.
You hit the hound skeleton but do no damage.
The hound skeleton is heavily damaged.
The hound skeleton misses you.
You hit the hound skeleton.
The hound skeleton is heavily damaged.
The hound skeleton bites you.
* * * LOW HITPOINT WARNING * * *
You hit the hound skeleton.
The hound skeleton is severely damaged.
The hound skeleton misses you.
You hit the hound skeleton.
The hound skeleton is severely damaged.
The hound skeleton bites you.
You die...

.).###.....###.#.#.#.#
#..#
#........>##.#.#.#$#.#.#.#
#.###...#####.#.#.#.#.#..
##.....^).# #.#.#.#.#.#.##
...######.####.#.#.#.#.#.#
##.....<#.##..#.#.#)#.#.##
########.##.#.#.#.#.#.#.#
#.#...#.#Z#.#.#.#.....#
#.#.##.#@#.#.#.#..#####
#.....#.#.#.#.#.###
###.##.#.#.#.#.#.#
#.#.#.#.#.#.#.##
#.#####..###### #........#
##########


You could see a hound skeleton.

Vanquished Creatures
  Blork the orc (D:4)
  4 adders
  3 dart slugs
  An orc (D:4)
  7 ball pythons
  9 bats
  5 endoplasms
  2 giant cockroaches (D:1)
  5 goblins
  4 hobgoblins
  4 jackals (D:3)
  4 quokkas (D:1)
  A frilled lizard (D:2)
  3 kobolds
  3 rats
56 creatures vanquished.

Notes
Turn   | Place    | Note
-------+----------+-------------------------------------------
     0 | D:1      | Araneus the Vampire Enchanter began the quest for the Orb.
     0 | D:1      | Reached XP level 1. HP: 13/13 MP: 3/3
   110 | D:1      | Reached skill level 5 in Stealth
   214 | D:1      | Reached XP level 2. HP: 19/19 MP: 5/5
   245 | D:1      | Learned a level 2 spell: Ensorcelled Hibernation
   549 | D:1      | Found a faded altar of an unknown god.
   891 | D:2      | Reached skill level 6 in Stealth
  1130 | D:2      | Gained mutation: You are afflicted with vampirism and can
                  | become a bat while bloodless. [Vampire growth]
  1130 | D:2      | Reached XP level 3. HP: 19/19 MP: 6/6
  2088 | D:3      | Reached XP level 4. HP: 10/24 MP: 7/7
  2364 | D:3      | Found a shimmering altar of Xom.
  2413 | D:3      | HP: 1/24 [goblin/stone (1)]
  2900 | D:3      | Reached skill level 7 in Stealth
  3070 | D:4      | Noticed Blork the orc
  3083 | D:4      | Killed Blork the orc
  3084 | D:4      | Reached XP level 5. HP: 6/28 MP: 8/8
  3094 | D:4      | HP: 1/28 [hound skeleton (1)]
  3096 | D:4      | Slain by a hound skeleton

Illustrated notes

Levels and vault maps discovered:
D:1:      kennysheep_arrival_forest, layout_loops_ring,
          ebering_ecumenical_altar_petrified, st_stairs_8, minmay_ruptured
D:2:      layout_basic, kennysheep_generic_room_13
D:3:      layout_rooms, xom_butterflies, kennysheep_another_room
D:4:      layout_basic, minivault_23, minmay_misc_feat_enclosed,
          uniq_blork_the_orc

Skill      XL: |  1  2  3  4 |
---------------+-------------+-----
Stealth        | 5 6 7 |  7.0
Short Blades   | 2 3 |  3.8
Dodging        | |  2.6
Spellcasting   | |  2.0
Hexes          | |  4.4
Ice Magic      | |  0.9

Action                   |  1- 3 |  4- 6 || total
-------------------------+-------+-------++-------
Melee: Dagger            |   157 |    68 ||   225
       Bite              |    12 |     6 ||    18
 Abil: Exsanguinate      |     1 |       ||     1
 Stab: Sleeping          |    21 |     8 ||    29
       Distracted        |     1 |       ||     1
Armor: Robe              |    43 |    13 ||    56
Dodge: Dodged            |   117 |    28 ||   145
